Anaheim Ducks vs Arizona Coyotes
Created - Thursday, February 1, 2024 at 08:14
Goals
|
| Anaheim Ducks |
1 |
1 |
0 |
2 |
| Arizona Coyotes |
2 |
0 |
2 |
4 |
|
Shots
|
| Anaheim Ducks |
9 |
10 |
16 |
35 |
| Arizona Coyotes |
12 |
6 |
15 |
33 |
|
1st period
1. Anaheim Ducks , Mark Scheifele 1 (William Nylander 1, Esa Lindell 1) at 9:48
2. Arizona Coyotes , Erik Haula 1 (T.J. Oshie 1, Brayden McNabb 1) at 17:40
3. Arizona Coyotes , Erik Haula 2 (Tyler Seguin 1) at 18:58 (PP)
Penalties :
Jakob Silfverberg (AZC) for High sticking (Minor) at 11:52, Max Domi (ANA) for Holding (Minor) at 18:26
2nd period
4. Anaheim Ducks , J.T. Compher 1 (Teuvo Teravainen 1) at 9:32
Penalties :
T.J. Oshie (AZC) for Fighting (Major) at 16:32, Brenden Dillon (ANA) for Fighting (Major) at 16:32, T.J. Oshie (AZC) for instigated a fight (Minor) at 16:32, T.J. Oshie (AZC) for instigated a fight (10 Minutes Misconduct) at 16:32, William Nylander (ANA) for Roughing (Minor) at 16:35
3rd period
5. Arizona Coyotes , Ondrej Palat 1 (Mason McTavish 1, Jared Spurgeon 1) at 10:20
6. Arizona Coyotes , Jared Spurgeon 1 (Claude Giroux 1, Mats Zuccarello 1) at 19:31 (Empty Net)
Penalties :
Charlie Coyle (AZC) for Hooking (Minor) at 12:27
Goalie Stats
Linus Ullmark (ANA), 29 saves from 32 shots - (0.906), L, 0-1-0, 59:03 minutes
Carter Hart (AZC), 33 saves from 35 shots - (0.943), W, 1-0-0, 60:00 minutes
Players Stats for Anaheim Ducks
Player Name G A P +/- PIM S H SB GA TA FO MP PP MP PK MP
------------------------------------------------------------------------------------
Alex Killorn 0 0 0 -1 0 3 2 0 0 0 0/0 17:37 1:20 0:35
Brayden Schenn 0 0 0 -1 0 3 1 0 0 0 0/0 7:26 0:00 0:00
Brenden Dillon 0 0 0 -1 5 1 2 3 0 0 0/0 14:46 0:00 0:32
Calle Jarnkrok 0 0 0 1 0 0 0 3 0 0 0/0 12:08 0:00 0:00
Chandler Stephenson 0 0 0 -1 0 3 1 0 0 2 11/17 17:16 1:20 0:32
Esa Lindell 0 1 1 0 0 1 2 4 0 2 0/0 21:21 0:00 0:32
Ivan Provorov 0 0 0 0 0 0 2 1 0 0 0/0 20:40 1:18 0:03
J.T. Compher 1 0 1 1 0 2 0 0 0 0 5/9 12:15 0:00 0:00
John Tavares 0 0 0 0 0 1 3 1 0 1 18/29 22:57 2:41 0:00
Josh Manson 0 0 0 -1 0 1 4 2 0 0 0/0 17:08 1:18 0:00
Joshua Morrissey 0 0 0 0 0 2 0 2 2 0 0/0 22:30 2:43 0:03
Mark Scheifele 1 0 1 0 0 4 3 0 2 1 3/4 23:02 2:41 0:03
Mason Marchment 0 0 0 -1 0 1 0 0 1 0 0/1 6:38 0:00 0:00
Max Domi 0 0 0 -1 2 3 1 0 1 1 0/0 17:24 1:20 0:00
Morgan Rielly 0 0 0 0 0 1 2 0 2 0 0/0 23:34 2:43 0:00
Nazem Kadri 0 0 0 -1 0 4 1 0 0 0 3/5 6:38 0:00 0:00
Teuvo Teravainen 0 1 1 1 0 2 1 1 0 0 1/1 12:08 0:00 0:00
William Nylander 0 1 1 0 2 3 1 1 1 1 1/1 21:58 2:40 0:00
Players Stats for Arizona Coyotes
Player Name G A P +/- PIM S H SB GA TA FO MP PP MP PK MP
------------------------------------------------------------------------------------
Brandon Tanev 0 0 0 0 0 0 0 1 0 1 0/0 7:37 0:00 0:00
Brayden McNabb 0 1 1 0 0 0 2 3 0 0 0/0 19:03 0:04 1:38
Brock McGinn 0 0 0 0 0 0 0 0 0 0 0/0 4:54 0:03 0:00
Charlie Coyle 0 0 0 1 2 6 6 0 1 1 13/32 24:18 0:20 0:53
Claude Giroux 0 1 1 1 0 2 2 0 2 4 0/2 18:12 0:20 1:49
Dmitry Orlov 0 0 0 2 0 1 4 2 0 0 0/0 26:46 0:31 2:23
Erik Haula 2 0 2 -1 0 3 1 2 0 0 0/0 15:33 0:12 0:00
Jakob Silfverberg 0 0 0 1 2 0 0 0 0 0 1/1 14:56 0:00 0:00
James van Riemsdyk 0 0 0 0 0 1 0 0 2 1 0/1 7:37 0:00 0:00
Jani Hakanpaa 0 0 0 0 0 1 0 1 0 1 0/0 19:03 0:04 1:38
Jared Spurgeon 1 1 2 2 0 4 0 4 0 0 0/0 26:46 0:31 2:23
Mason McTavish 0 1 1 1 0 4 1 1 0 0 2/12 14:57 0:00 0:09
Mats Zuccarello 0 1 1 1 0 1 0 3 0 1 0/2 18:50 0:23 2:03
Matt Dumba 0 0 0 -1 0 2 0 4 0 0 0/0 14:11 0:00 0:00
Ondrej Palat 1 0 1 1 0 4 0 0 1 0 0/2 16:23 0:00 1:08
Radko Gudas 0 0 0 -1 0 1 2 0 0 0 0/0 14:11 0:00 0:00
T.J. Oshie 0 1 1 -1 17 1 2 0 0 0 0/0 11:41 0:12 0:00
Tyler Seguin 0 1 1 -1 0 2 3 0 2 0 9/15 19:02 0:15 2:00
3 Stars
1 - Jared Spurgeon (AZC)
2 - Erik Haula (AZC)
3 - Carter Hart (AZC)
Power Play
Anaheim Ducks - 0 on 3 Attempt(s) - 0.00%
Arizona Coyotes - 1 on 2 Attempt(s) - 50.00%
Penalty Kill
Anaheim Ducks - 1 on 2 Attempt(s) - 50.00%
- Score 0 goal in Penalty Kill
Arizona Coyotes - 3 on 3 Attempt(s) - 100.00%
- Score 0 goal in Penalty Kill
Team Stat
Anaheim Ducks - Hits : 26 - Faceoff Wins : 42 - Blocked Shots : 18 - Penalty Minutes : 9
Arizona Coyotes - Hits : 23 - Faceoff Wins : 25 - Blocked Shots : 21 - Penalty Minutes : 21
Official
Referees : Rob Martell and Brad Meier
Linesman : Scott Cherrey and Andy McElman
Game Notes
T.J. Oshie beats up Brenden Dillon at 16:32 of 2nd period
Jared Spurgeon has scored in a empty net!
Finance
Level 1 -- Attendance: 6000 (100.00%) -- Ticket Income $570,000
Level 2 -- Attendance: 4359 (87.18%) -- Ticket Income $248,463
Level 3 -- Attendance: 2677 (89.23%) -- Ticket Income $88,341
Level 4 -- Attendance: 4710 (94.20%) -- Ticket Income $108,330
Luxury Box -- Attendance: 900 (90.00%) -- Ticket Income $175,500
Game was played at the Gila River Arena.
Total Attendance: 18646 (93.23%)
Total Ticket Income: $1,190,634
Other Income: $416,722
Total Income: $1,607,356
Anaheim Ducks
5 vs 5 Forward
Center Left Wing Right Wing Time % Phy DF OF
1 John Tavares William Nylander Mark Scheifele 40 1 2 2
2 Chandler Stephenson Max Domi Alex Killorn 30 1 2 2
3 J.T. Compher Teuvo Teravainen Calle Jarnkrok 20 1 2 2
4 Nazem Kadri Brayden Schenn Mason Marchment 10 1 2 2
5 vs 5 Defense
Defense Defense Time % Phy DF OF
1 Morgan Rielly Esa Lindell 35 1 2 2
2 Ivan Provorov Joshua Morrissey 35 1 2 2
3 Brenden Dillon Josh Manson 30 1 2 2
4 Morgan Rielly Esa Lindell 0 1 2 2
PowerPlay Forward
Center Left Wing Right Wing Time % Phy DF OF
1 John Tavares William Nylander Mark Scheifele 60 0 1 4
2 Chandler Stephenson Max Domi Alex Killorn 40 0 1 4
PowerPlay Defense
Defense Defense Time % Phy DF OF
1 Morgan Rielly Joshua Morrissey 60 1 2 2
2 Josh Manson Ivan Provorov 40 1 2 2
Penalty Kill 4 Players Forward
Center Wing Time % Phy DF OF
1 Chandler Stephenson Alex Killorn 55 2 3 0
2 J.T. Compher Teuvo Teravainen 45 2 3 0
Penalty Kill 4 Players Defense
Defense Defense Time % Phy DF OF
1 Esa Lindell Brenden Dillon 50 2 3 0
2 Ivan Provorov Josh Manson 50 2 3 0
Penalty Kill - 3 Players Forward
Forward Time % Phy DF OF
1 Alex Killorn 50 2 3 0
2 J.T. Compher 50 2 3 0
Penalty Kill - 3 Players Defense
Defense Defense Time % Phy DF OF
1 Esa Lindell Brenden Dillon 50 2 3 0
2 Josh Manson Ivan Provorov 50 2 3 0
4 vs 4 Forward
Center Wing Time % Phy DF OF
1 John Tavares William Nylander 60 1 2 2
2 Chandler Stephenson Mark Scheifele 40 1 2 2
4 vs 4 Defense
Defense Defense Time % Phy DF OF
1 Esa Lindell Morgan Rielly 50 1 2 2
2 Ivan Provorov Brenden Dillon 50 1 2 2
Last Minutes Offensive
Center Left Wing Right Wing Defense Defense
John Tavares William Nylander Mark Scheifele Morgan Rielly Joshua Morrissey
Last Minutes Defensive
Center Left Wing Right Wing Defense Defense
Chandler Stephenson Alex Killorn Teuvo Teravainen Ivan Provorov Esa Lindell
Goaltenders
Starting : Linus Ullmark
Backup : James Reimer
Extra Forwards
Normal : William Nylander, John Tavares, Mark Scheifele - PP : John Tavares, Mark Scheifele - PK : Alex Killorn
Extra Defensemen
Normal : Esa Lindell, Morgan Rielly, Joshua Morrissey - PP : Joshua Morrissey - PK : Esa Lindell, Morgan Rielly
Penalty Shots
William Nylander, Teuvo Teravainen, Mark Scheifele, Calle Jarnkrok, Alex Killorn
Arizona Coyotes
5 vs 5 Forward
Center Left Wing Right Wing Time % Phy DF OF
1 Charlie Coyle Mats Zuccarello Claude Giroux 30 1 2 2
2 Tyler Seguin Erik Haula T.J. Oshie 30 1 2 2
3 Mason McTavish Ondrej Palat Jakob Silfverberg 25 1 2 2
4 Charlie Coyle James van Riemsdyk Brandon Tanev 15 1 2 2
5 vs 5 Defense
Defense Defense Time % Phy DF OF
1 Dmitry Orlov Jared Spurgeon 30 1 2 2
2 Brayden McNabb Jani Hakanpaa 30 1 2 2
3 Radko Gudas Matt Dumba 25 1 2 2
4 Dmitry Orlov Jared Spurgeon 15 1 2 2
PowerPlay Forward
Center Left Wing Right Wing Time % Phy DF OF
1 Charlie Coyle Mats Zuccarello Claude Giroux 50 1 2 2
2 Tyler Seguin Erik Haula T.J. Oshie 50 1 2 2
PowerPlay Defense
Defense Defense Time % Phy DF OF
1 Dmitry Orlov Jared Spurgeon 50 1 2 2
2 Brayden McNabb Jani Hakanpaa 50 1 2 2
Penalty Kill 4 Players Forward
Center Wing Time % Phy DF OF
1 Charlie Coyle Claude Giroux 50 1 2 2
2 Mats Zuccarello Tyler Seguin 50 1 2 2
Penalty Kill 4 Players Defense
Defense Defense Time % Phy DF OF
1 Dmitry Orlov Jared Spurgeon 50 1 2 2
2 Brayden McNabb Jani Hakanpaa 50 1 2 2
Penalty Kill - 3 Players Forward
Forward Time % Phy DF OF
1 Charlie Coyle 50 1 2 2
2 Claude Giroux 50 1 2 2
Penalty Kill - 3 Players Defense
Defense Defense Time % Phy DF OF
1 Dmitry Orlov Jared Spurgeon 50 1 2 2
2 Brayden McNabb Jani Hakanpaa 50 1 2 2
4 vs 4 Forward
Center Wing Time % Phy DF OF
1 Charlie Coyle Claude Giroux 50 1 2 2
2 Mats Zuccarello Tyler Seguin 50 1 2 2
4 vs 4 Defense
Defense Defense Time % Phy DF OF
1 Dmitry Orlov Jared Spurgeon 50 1 2 2
2 Brayden McNabb Jani Hakanpaa 50 1 2 2
Last Minutes Offensive
Center Left Wing Right Wing Defense Defense
Charlie Coyle Mats Zuccarello Claude Giroux Dmitry Orlov Jared Spurgeon
Last Minutes Defensive
Center Left Wing Right Wing Defense Defense
Charlie Coyle Mats Zuccarello Claude Giroux Dmitry Orlov Jared Spurgeon
Goaltenders
Starting : Carter Hart
Backup : Elvis Merzlikins
Extra Forwards
Normal : Brock McGinn, Mason McTavish, Ondrej Palat - PP : Brock McGinn, Mason McTavish - PK : Ondrej Palat
Extra Defensemen
Normal : Radko Gudas, Matt Dumba, Brayden McNabb - PP : Radko Gudas - PK : Matt Dumba, Brayden McNabb
Penalty Shots
Charlie Coyle, Claude Giroux, Mats Zuccarello, Tyler Seguin, T.J. Oshie
% Time on Ice - Anaheim Ducks
Lines # - Real PCT - Wanted PCT - Time Play
Normal Forward
1 - 35% - 40% - 18:31
2 - 29% - 30% - 15:24
3 - 23% - 20% - 12:08
4 - 13% - 10% - 6:38
Normal Defense
1 - 34% - 35% - 18:03
2 - 35% - 35% - 18:25
3 - 29% - 30% - 15:09
4 - 2% - 0% - 1:04
PP Forward
1 - 67% - 60% - 2:41
2 - 33% - 40% - 1:20
PP Defense
1 - 68% - 60% - 2:43
2 - 32% - 40% - 1:18
PK Forward
1 - 100% - 55% - 0:35
2 - 0% - 45% - 0:00
PK Defense
1 - 91% - 50% - 0:32
2 - 9% - 50% - 0:03
PK3 Forward
1 - 0% - 50%
2 - 0% - 50%
PK3 Defense
1 - 0% - 50%
2 - 0% - 50%
44 Forward
1 - 100% - 60% - 1:56
2 - 0% - 40% - 0:00
44 Defense
1 - 53% - 50% - 1:02
2 - 47% - 50% - 0:54
Last Minute Offensive - 0:47
Last Minute Defensive - 0:00
Total
Forward - 60:00
Defense - 60:00
|
% Time on Ice - Arizona Coyotes
Lines # - Real PCT - Wanted PCT - Time Play
Normal Forward
1 - 28% - 30% - 14:50
2 - 30% - 30% - 15:56
3 - 28% - 25% - 14:48
4 - 14% - 15% - 7:37
Normal Defense
1 - 29% - 30% - 15:29
2 - 31% - 30% - 16:45
3 - 27% - 25% - 14:11
4 - 13% - 15% - 6:46
PP Forward
1 - 57% - 50% - 0:20
2 - 43% - 50% - 0:15
PP Defense
1 - 89% - 50% - 0:31
2 - 11% - 50% - 0:04
PK Forward
1 - 48% - 50% - 1:55
2 - 52% - 50% - 2:06
PK Defense
1 - 59% - 50% - 2:23
2 - 41% - 50% - 1:38
PK3 Forward
1 - 0% - 50%
2 - 0% - 50%
PK3 Defense
1 - 0% - 50%
2 - 0% - 50%
44 Forward
1 - 48% - 50% - 0:56
2 - 52% - 50% - 1:00
44 Defense
1 - 69% - 50% - 1:20
2 - 31% - 50% - 0:36
Last Minute Offensive - 0:00
Last Minute Defensive - 0:17
Total
Forward - 60:00
Defense - 60:00
|
Play-by-Play
1st period
0:01 of 1st period - John Tavares wins face-off versus Claude Giroux in neutral zone.
0:57 of 1st period - Wrist shot by James van Riemsdyk.
0:57 of 1st period - Deflect By Joshua Morrissey.
0:57 of 1st period - Stopped by Linus Ullmark with a rebound.
1:11 of 1st period - Snap shot by Ondrej Palat.
1:11 of 1st period - Stopped by Linus Ullmark without a rebound.
1:12 of 1st period - Jakob Silfverberg wins face-off versus Nazem Kadri in Anaheim Ducks zone.
1:37 of 1st period - Josh Manson is hit by Radko Gudas and loses puck.
1:44 of 1st period - Erik Haula is hit by Josh Manson and loses puck.
1:57 of 1st period - Matt Dumba is hit by Teuvo Teravainen and loses puck.
2:16 of 1st period - Wrist shot by Tyler Seguin.
2:16 of 1st period - Shot Blocked by Joshua Morrissey.
2:22 of 1st period - Slapshot by Alex Killorn.
2:22 of 1st period - Shot Misses the Net.
2:24 of 1st period - Slapshot by Ivan Provorov.
2:24 of 1st period - Shot Blocked by Matt Dumba.
3:04 of 1st period - Brayden McNabb is hit by Nazem Kadri and loses puck.
3:20 of 1st period - Icing by Esa Lindell.
3:21 of 1st period - Nazem Kadri wins face-off versus Charlie Coyle in Anaheim Ducks zone.
3:52 of 1st period - Snap shot by Mason McTavish.
3:52 of 1st period - Shot Blocked by Josh Manson.
3:54 of 1st period - Slapshot by Jared Spurgeon.
3:54 of 1st period - Shot Misses the Net.
3:56 of 1st period - Wrist shot by Dmitry Orlov.
3:56 of 1st period - Stopped by Linus Ullmark without a rebound.
3:57 of 1st period - J.T. Compher wins face-off versus Mason McTavish in Anaheim Ducks zone.
4:46 of 1st period - Snap shot by Nazem Kadri.
4:46 of 1st period - Stopped by Carter Hart without a rebound.
4:47 of 1st period - Tyler Seguin wins face-off versus Nazem Kadri in Arizona Coyotes zone.
4:47 of 1st period - Tyler Seguin is hit by Esa Lindell.
5:13 of 1st period - Esa Lindell is hit by Claude Giroux and loses puck.
5:18 of 1st period - Slapshot by Mats Zuccarello.
5:18 of 1st period - Stopped by Linus Ullmark with a rebound.
5:20 of 1st period - Slapshot by Charlie Coyle.
5:20 of 1st period - Shot Misses the Net.
5:22 of 1st period - Slapshot by Radko Gudas.
5:22 of 1st period - Stopped by Linus Ullmark with a rebound.
6:37 of 1st period - Wrist shot by Charlie Coyle.
6:37 of 1st period - Stopped by Linus Ullmark with a rebound.
7:28 of 1st period - T.J. Oshie is hit by Ivan Provorov and loses puck.
8:40 of 1st period - Erik Haula is hit by Brenden Dillon and loses puck.
9:01 of 1st period - Icing by Jared Spurgeon.
9:02 of 1st period - Chandler Stephenson wins face-off versus James van Riemsdyk in Arizona Coyotes zone.
9:13 of 1st period - Snap shot by Alex Killorn.
9:13 of 1st period - Stopped by Carter Hart without a rebound.
9:14 of 1st period - Tyler Seguin wins face-off versus Mark Scheifele in Arizona Coyotes zone.
9:31 of 1st period - William Nylander is hit by Tyler Seguin and loses puck.
9:48 of 1st period - Wrist shot by Mark Scheifele.
9:48 of 1st period - Goal by Mark Scheifele - Anaheim Ducks : 1 - Arizona Coyotes : 0.
9:49 of 1st period - Charlie Coyle wins face-off versus Chandler Stephenson in neutral zone.
10:00 of 1st period - Wrist shot by Charlie Coyle.
10:00 of 1st period - Stopped by Linus Ullmark with a rebound.
10:06 of 1st period - Slapshot by Max Domi.
10:06 of 1st period - Stopped by Carter Hart without a rebound.
10:07 of 1st period - John Tavares wins face-off versus Mason McTavish in Arizona Coyotes zone.
10:14 of 1st period - Snap shot by Mark Scheifele.
10:14 of 1st period - Stopped by Carter Hart without a rebound.
10:15 of 1st period - John Tavares wins face-off versus Mason McTavish in Arizona Coyotes zone.
10:16 of 1st period - Snap shot by William Nylander.
10:16 of 1st period - Stopped by Carter Hart with a rebound.
10:28 of 1st period - Wrist shot by John Tavares.
10:28 of 1st period - Shot Misses the Net.
10:54 of 1st period - Mats Zuccarello is hit by Brenden Dillon and loses puck.
11:01 of 1st period - Max Domi is hit by Charlie Coyle.
11:05 of 1st period - Snap shot by Mats Zuccarello.
11:05 of 1st period - Shot Blocked by Brenden Dillon.
11:07 of 1st period - Slapshot by Jared Spurgeon.
11:07 of 1st period - Stopped by Linus Ullmark without a rebound.
11:08 of 1st period - John Tavares wins face-off versus Tyler Seguin in Anaheim Ducks zone.
11:35 of 1st period - Jakob Silfverberg is hit by Morgan Rielly.
11:52 of 1st period - Minor Penalty to Jakob Silfverberg for High sticking.
11:53 of 1st period - Charlie Coyle wins face-off versus John Tavares in Arizona Coyotes zone.
12:22 of 1st period - Snap shot by Chandler Stephenson.
12:22 of 1st period - Shot Blocked by Mats Zuccarello.
12:24 of 1st period - Slapshot by Chandler Stephenson.
12:24 of 1st period - Shot Blocked by Mats Zuccarello.
12:26 of 1st period - Slapshot by Ivan Provorov.
12:26 of 1st period - Shot Blocked by Jared Spurgeon.
13:02 of 1st period - Slapshot by Claude Giroux.
13:02 of 1st period - Stopped by Linus Ullmark with a rebound.
13:52 of 1st period - Penalty to Jakob Silfverberg is over, Jakob Silfverberg is back on ice.
14:23 of 1st period - Mason Marchment is hit by T.J. Oshie and loses puck.
15:18 of 1st period - Josh Manson is hit by Dmitry Orlov and loses puck.
15:42 of 1st period - Brenden Dillon is hit by Tyler Seguin.
15:52 of 1st period - Snap shot by J.T. Compher.
15:52 of 1st period - Shot Misses the Net.
16:04 of 1st period - Jani Hakanpaa is hit by John Tavares and loses puck.
16:41 of 1st period - Backhand shot by Chandler Stephenson.
16:41 of 1st period - Stopped by Carter Hart with a rebound.
16:47 of 1st period - Josh Manson is hit by Mason McTavish and loses puck.
17:12 of 1st period - Snap shot by Nazem Kadri.
17:12 of 1st period - Shot Misses the Net.
17:14 of 1st period - Snap shot by Mason Marchment.
17:14 of 1st period - Stopped by Carter Hart without a rebound.
17:15 of 1st period - Nazem Kadri wins face-off versus Charlie Coyle in Arizona Coyotes zone.
17:16 of 1st period - Backhand shot by Brayden Schenn.
17:16 of 1st period - Stopped by Carter Hart without a rebound.
17:17 of 1st period - Charlie Coyle wins face-off versus Mason Marchment in Arizona Coyotes zone.
17:38 of 1st period - Snap shot by T.J. Oshie.
17:38 of 1st period - Shot Blocked by Ivan Provorov.
17:40 of 1st period - Wrist shot by Erik Haula.
17:40 of 1st period - Goal by Erik Haula - Anaheim Ducks : 1 - Arizona Coyotes : 1.
17:41 of 1st period - John Tavares wins face-off versus Charlie Coyle in neutral zone.
17:50 of 1st period - Snap shot by John Tavares.
17:50 of 1st period - Shot Misses the Net.
18:04 of 1st period - Charlie Coyle is hit by John Tavares and loses puck.
18:17 of 1st period - Slapshot by Mats Zuccarello.
18:17 of 1st period - Shot Misses the Net.
18:19 of 1st period - Snap shot by Jared Spurgeon.
18:19 of 1st period - Stopped by Linus Ullmark without a rebound.
18:20 of 1st period - Tyler Seguin wins face-off versus Chandler Stephenson in Anaheim Ducks zone.
18:26 of 1st period - Minor Penalty to Max Domi for Holding.
18:27 of 1st period - Chandler Stephenson wins face-off versus Charlie Coyle in Anaheim Ducks zone.
18:53 of 1st period - Brenden Dillon is hit by Erik Haula and loses puck.
18:58 of 1st period - Snap shot by Erik Haula.
18:58 of 1st period - Goal by Erik Haula - Anaheim Ducks : 1 - Arizona Coyotes : 2.
18:59 of 1st period - John Tavares wins face-off versus Charlie Coyle in neutral zone.
19:10 of 1st period - Joshua Morrissey is hit by Charlie Coyle and loses puck.
19:56 of 1st period - Slapshot by Max Domi.
19:56 of 1st period - Shot Misses the Net.
19:58 of 1st period - Slapshot by Morgan Rielly.
19:58 of 1st period - Shot Misses the Net.
Goals for this period are 1 for Anaheim Ducks vs 2 for Arizona Coyotes.
Shots for this period are 9 for Anaheim Ducks vs 12 for Arizona Coyotes.
2nd period
0:01 of 2nd period - Charlie Coyle wins face-off versus John Tavares in neutral zone.
0:27 of 2nd period - Morgan Rielly is hit by Dmitry Orlov and loses puck.
0:52 of 2nd period - Ondrej Palat is hit by Alex Killorn and loses puck.
1:03 of 2nd period - Wrist shot by Max Domi.
1:03 of 2nd period - Shot Misses the Net.
1:17 of 2nd period - Wrist shot by J.T. Compher.
1:17 of 2nd period - Deflect By Calle Jarnkrok.
1:17 of 2nd period - Shot Blocked by Brandon Tanev.
1:17 of 2nd period - Puck is out of play.
1:18 of 2nd period - Charlie Coyle wins face-off versus J.T. Compher in Arizona Coyotes zone.
1:56 of 2nd period - Off-side.
1:57 of 2nd period - Mason McTavish wins face-off versus John Tavares in neutral zone.
2:24 of 2nd period - Erik Haula is hit by Max Domi.
3:26 of 2nd period - Snap shot by Mark Scheifele.
3:26 of 2nd period - Deflect By John Tavares.
3:26 of 2nd period - Shot Blocked by Brayden McNabb.
3:26 of 2nd period - Puck is out of play.
3:27 of 2nd period - Charlie Coyle wins face-off versus John Tavares in Arizona Coyotes zone.
3:51 of 2nd period - Charlie Coyle is hit by Mark Scheifele and loses puck.
4:16 of 2nd period - Snap shot by Charlie Coyle.
4:16 of 2nd period - Deflect By James van Riemsdyk.
4:16 of 2nd period - Shot Blocked by Josh Manson.
4:16 of 2nd period - Puck is out of play.
4:17 of 2nd period - Chandler Stephenson wins face-off versus Tyler Seguin in Anaheim Ducks zone.
4:27 of 2nd period - Snap shot by T.J. Oshie.
4:27 of 2nd period - Shot Misses the Net.
4:33 of 2nd period - Snap shot by Max Domi.
4:33 of 2nd period - Shot Blocked by Matt Dumba.
4:47 of 2nd period - Snap shot by J.T. Compher.
4:47 of 2nd period - Shot Blocked by Matt Dumba.
4:49 of 2nd period - Snap shot by J.T. Compher.
4:49 of 2nd period - Shot Blocked by Mason McTavish.
5:54 of 2nd period - Icing by Teuvo Teravainen.
5:55 of 2nd period - Charlie Coyle wins face-off versus J.T. Compher in Anaheim Ducks zone.
6:22 of 2nd period - Off-side.
6:23 of 2nd period - John Tavares wins face-off versus Mason McTavish in neutral zone.
8:10 of 2nd period - Snap shot by Ondrej Palat.
8:10 of 2nd period - Shot Misses the Net.
8:12 of 2nd period - Wrist shot by Jani Hakanpaa.
8:12 of 2nd period - Stopped by Linus Ullmark without a rebound.
8:13 of 2nd period - Chandler Stephenson wins face-off versus Charlie Coyle in Anaheim Ducks zone.
8:44 of 2nd period - Snap shot by Nazem Kadri.
8:44 of 2nd period - Stopped by Carter Hart without a rebound.
8:45 of 2nd period - Nazem Kadri wins face-off versus Tyler Seguin in Arizona Coyotes zone.
8:52 of 2nd period - Wrist shot by Nazem Kadri.
8:52 of 2nd period - Stopped by Carter Hart with a rebound.
8:54 of 2nd period - Backhand shot by Mason Marchment.
8:54 of 2nd period - Shot Misses the Net.
8:56 of 2nd period - Slapshot by Morgan Rielly.
8:56 of 2nd period - Stopped by Carter Hart without a rebound.
8:57 of 2nd period - Chandler Stephenson wins face-off versus Charlie Coyle in Arizona Coyotes zone.
9:04 of 2nd period - Wrist shot by Claude Giroux.
9:04 of 2nd period - Stopped by Linus Ullmark with a rebound.
9:06 of 2nd period - Snap shot by Jared Spurgeon.
9:06 of 2nd period - Shot Blocked by Esa Lindell.
9:14 of 2nd period - Slapshot by Claude Giroux.
9:14 of 2nd period - Shot Misses the Net.
9:26 of 2nd period - Slapshot by Teuvo Teravainen.
9:26 of 2nd period - Stopped by Carter Hart without a rebound.
9:27 of 2nd period - Teuvo Teravainen wins face-off versus Tyler Seguin in Arizona Coyotes zone.
9:32 of 2nd period - Snap shot by J.T. Compher.
9:32 of 2nd period - Goal by J.T. Compher - Anaheim Ducks : 2 - Arizona Coyotes : 2.
9:33 of 2nd period - Chandler Stephenson wins face-off versus Charlie Coyle in neutral zone.
10:20 of 2nd period - Wrist shot by Max Domi.
10:20 of 2nd period - Stopped by Carter Hart without a rebound.
10:21 of 2nd period - John Tavares wins face-off versus Tyler Seguin in Arizona Coyotes zone.
10:32 of 2nd period - Snap shot by Erik Haula.
10:32 of 2nd period - Shot Blocked by William Nylander.
10:34 of 2nd period - Wrist shot by Tyler Seguin.
10:34 of 2nd period - Shot Misses the Net.
10:36 of 2nd period - Snap shot by Erik Haula.
10:36 of 2nd period - Stopped by Linus Ullmark without a rebound.
10:37 of 2nd period - Charlie Coyle wins face-off versus J.T. Compher in Anaheim Ducks zone.
11:02 of 2nd period - Morgan Rielly is hit by T.J. Oshie and loses puck.
11:20 of 2nd period - Icing by Esa Lindell.
11:21 of 2nd period - William Nylander wins face-off versus Mason McTavish in Anaheim Ducks zone.
11:50 of 2nd period - Ivan Provorov is hit by Claude Giroux and loses puck.
11:55 of 2nd period - Snap shot by Claude Giroux.
11:55 of 2nd period - Shot Misses the Net.
11:57 of 2nd period - Slapshot by Matt Dumba.
11:57 of 2nd period - Stopped by Linus Ullmark without a rebound.
11:58 of 2nd period - Mark Scheifele wins face-off versus Mats Zuccarello in Anaheim Ducks zone.
12:35 of 2nd period - Wrist shot by Chandler Stephenson.
12:35 of 2nd period - Shot Blocked by Erik Haula.
13:14 of 2nd period - Mark Scheifele is hit by Radko Gudas and loses puck.
13:29 of 2nd period - Wrist shot by Brayden Schenn.
13:29 of 2nd period - Shot Misses the Net.
13:31 of 2nd period - Wrist shot by Nazem Kadri.
13:31 of 2nd period - Shot Misses the Net.
13:33 of 2nd period - Snap shot by Nazem Kadri.
13:33 of 2nd period - Shot Misses the Net.
13:35 of 2nd period - Slapshot by Nazem Kadri.
13:35 of 2nd period - Stopped by Carter Hart without a rebound.
13:36 of 2nd period - Chandler Stephenson wins face-off versus Mason McTavish in Arizona Coyotes zone.
13:47 of 2nd period - Snap shot by Dmitry Orlov.
13:47 of 2nd period - Shot Blocked by Esa Lindell.
13:49 of 2nd period - Slapshot by Jared Spurgeon.
13:49 of 2nd period - Stopped by Linus Ullmark without a rebound.
13:50 of 2nd period - John Tavares wins face-off versus Charlie Coyle in Anaheim Ducks zone.
14:01 of 2nd period - Claude Giroux is hit by Mark Scheifele.
14:21 of 2nd period - Ivan Provorov is hit by Brayden McNabb and loses puck.
14:32 of 2nd period - Snap shot by Joshua Morrissey.
14:32 of 2nd period - Stopped by Carter Hart with a rebound.
14:44 of 2nd period - Snap shot by Mason McTavish.
14:44 of 2nd period - Shot Blocked by Calle Jarnkrok.
15:08 of 2nd period - Snap shot by Charlie Coyle.
15:08 of 2nd period - Stopped by Linus Ullmark without a rebound.
15:09 of 2nd period - Mark Scheifele wins face-off versus Charlie Coyle in Anaheim Ducks zone.
16:32 of 2nd period - T.J. Oshie beats up Brenden Dillon.
16:32 of 2nd period - Penalty to T.J. Oshie for Fighting.
16:32 of 2nd period - Penalty to Brenden Dillon for Fighting.
16:32 of 2nd period - Penalty to T.J. Oshie for instigated a fight.
16:32 of 2nd period - Penalty to T.J. Oshie for instigated a fight.
16:33 of 2nd period - John Tavares wins face-off versus Charlie Coyle in Anaheim Ducks zone.
16:35 of 2nd period - Minor Penalty to William Nylander for Roughing.
16:36 of 2nd period - John Tavares wins face-off versus Charlie Coyle in Anaheim Ducks zone.
16:39 of 2nd period - Off-side.
16:40 of 2nd period - John Tavares wins face-off versus Charlie Coyle in neutral zone.
17:09 of 2nd period - Brayden Schenn is hit by Dmitry Orlov and loses puck.
18:17 of 2nd period - Icing by Dmitry Orlov.
18:18 of 2nd period - Mark Scheifele wins face-off versus Tyler Seguin in Arizona Coyotes zone.
18:32 of 2nd period - Penalty to T.J. Oshie is over, Brock McGinn is send on ice.
18:35 of 2nd period - Penalty to William Nylander is over, William Nylander is back on ice.
18:47 of 2nd period - Slapshot by J.T. Compher.
18:47 of 2nd period - Stopped by Carter Hart with a rebound.
18:49 of 2nd period - Snap shot by Calle Jarnkrok.
18:49 of 2nd period - Shot Hit the Post.
18:51 of 2nd period - Slapshot by Joshua Morrissey.
18:51 of 2nd period - Stopped by Carter Hart with a rebound.
19:00 of 2nd period - Off-side.
19:01 of 2nd period - Chandler Stephenson wins face-off versus Charlie Coyle in neutral zone.
19:06 of 2nd period - Alex Killorn is hit by Charlie Coyle and loses puck.
Goals for this period are 1 for Anaheim Ducks vs 0 for Arizona Coyotes.
Shots for this period are 10 for Anaheim Ducks vs 6 for Arizona Coyotes.
3rd period
0:01 of 3rd period - John Tavares wins face-off versus Charlie Coyle in neutral zone.
0:26 of 3rd period - Brock McGinn is hit by Chandler Stephenson and loses puck.
0:33 of 3rd period - Chandler Stephenson is hit by Tyler Seguin.
0:53 of 3rd period - Wrist shot by James van Riemsdyk.
0:53 of 3rd period - Shot Misses the Net.
1:07 of 3rd period - Ondrej Palat is hit by Brayden Schenn and loses puck.
1:26 of 3rd period - Snap shot by John Tavares.
1:26 of 3rd period - Shot Blocked by Matt Dumba.
1:28 of 3rd period - Snap shot by Ivan Provorov.
1:28 of 3rd period - Deflect By William Nylander.
1:28 of 3rd period - Shot Misses the Net.
1:28 of 3rd period - Puck is out of play.
1:29 of 3rd period - Tyler Seguin wins face-off versus John Tavares in Arizona Coyotes zone.
1:29 of 3rd period - Tyler Seguin is hit by Mark Scheifele.
2:20 of 3rd period - Snap shot by Teuvo Teravainen.
2:20 of 3rd period - Deflect By Calle Jarnkrok.
2:20 of 3rd period - Shot Misses the Net.
2:20 of 3rd period - Puck is out of play.
2:21 of 3rd period - J.T. Compher wins face-off versus Mason McTavish in Arizona Coyotes zone.
2:36 of 3rd period - Snap shot by Teuvo Teravainen.
2:36 of 3rd period - Stopped by Carter Hart with a rebound.
2:52 of 3rd period - Snap shot by Claude Giroux.
2:52 of 3rd period - Shot Misses the Net.
2:54 of 3rd period - Wrist shot by Matt Dumba.
2:54 of 3rd period - Shot Misses the Net.
2:56 of 3rd period - Slapshot by Matt Dumba.
2:56 of 3rd period - Stopped by Linus Ullmark with a rebound.
2:58 of 3rd period - Wrist shot by Radko Gudas.
2:58 of 3rd period - Shot Blocked by John Tavares.
3:00 of 3rd period - Slapshot by Matt Dumba.
3:00 of 3rd period - Deflect By Charlie Coyle.
3:00 of 3rd period - Shot Misses the Net.
3:00 of 3rd period - Puck is out of play.
3:01 of 3rd period - Tyler Seguin wins face-off versus Chandler Stephenson in Anaheim Ducks zone.
3:10 of 3rd period - Snap shot by Tyler Seguin.
3:10 of 3rd period - Stopped by Linus Ullmark without a rebound.
3:11 of 3rd period - Tyler Seguin wins face-off versus Chandler Stephenson in Anaheim Ducks zone.
3:22 of 3rd period - Brock McGinn is hit by Josh Manson and loses puck.
3:29 of 3rd period - Wrist shot by Chandler Stephenson.
3:29 of 3rd period - Shot Misses the Net.
3:31 of 3rd period - Wrist shot by Max Domi.
3:31 of 3rd period - Shot Blocked by Erik Haula.
3:33 of 3rd period - Wrist shot by Chandler Stephenson.
3:33 of 3rd period - Deflect By Max Domi.
3:33 of 3rd period - Shot Misses the Net.
3:33 of 3rd period - Puck is out of play.
3:34 of 3rd period - Charlie Coyle wins face-off versus John Tavares in Arizona Coyotes zone.
3:43 of 3rd period - William Nylander is hit by Charlie Coyle and loses puck.
4:00 of 3rd period - Brayden McNabb is hit by Esa Lindell and loses puck.
4:45 of 3rd period - Brenden Dillon is hit by Charlie Coyle and loses puck.
5:02 of 3rd period - Snap shot by John Tavares.
5:02 of 3rd period - Shot Misses the Net.
6:02 of 3rd period - Snap shot by Brayden Schenn.
6:02 of 3rd period - Stopped by Carter Hart with a rebound.
6:04 of 3rd period - Slapshot by Joshua Morrissey.
6:04 of 3rd period - Shot Blocked by Jared Spurgeon.
6:06 of 3rd period - Wrist shot by Mason Marchment.
6:06 of 3rd period - Shot Misses the Net.
6:08 of 3rd period - Snap shot by Brayden Schenn.
6:08 of 3rd period - Stopped by Carter Hart without a rebound.
6:09 of 3rd period - John Tavares wins face-off versus Mason McTavish in Arizona Coyotes zone.
6:34 of 3rd period - Claude Giroux is hit by Alex Killorn and loses puck.
6:41 of 3rd period - Wrist shot by Chandler Stephenson.
6:41 of 3rd period - Shot Misses the Net.
6:45 of 3rd period - Wrist shot by Max Domi.
6:45 of 3rd period - Shot Misses the Net.
6:47 of 3rd period - Slapshot by Josh Manson.
6:47 of 3rd period - Stopped by Carter Hart without a rebound.
6:48 of 3rd period - Tyler Seguin wins face-off versus John Tavares in Arizona Coyotes zone.
6:53 of 3rd period - Snap shot by John Tavares.
6:53 of 3rd period - Shot Blocked by Brayden McNabb.
6:55 of 3rd period - Snap shot by William Nylander.
6:55 of 3rd period - Stopped by Carter Hart with a rebound.
6:57 of 3rd period - Wrist shot by Mark Scheifele.
6:57 of 3rd period - Shot Misses the Net.
7:01 of 3rd period - Slapshot by John Tavares.
7:01 of 3rd period - Shot Misses the Net.
7:03 of 3rd period - Slapshot by Morgan Rielly.
7:03 of 3rd period - Shot Blocked by Jani Hakanpaa.
7:10 of 3rd period - Icing by Jani Hakanpaa.
7:11 of 3rd period - Mason McTavish wins face-off versus Chandler Stephenson in Arizona Coyotes zone.
7:22 of 3rd period - Wrist shot by Mason McTavish.
7:22 of 3rd period - Stopped by Linus Ullmark without a rebound.
7:23 of 3rd period - John Tavares wins face-off versus Charlie Coyle in Anaheim Ducks zone.
7:36 of 3rd period - Wrist shot by Charlie Coyle.
7:36 of 3rd period - Stopped by Linus Ullmark without a rebound.
7:37 of 3rd period - Charlie Coyle wins face-off versus John Tavares in Anaheim Ducks zone.
7:49 of 3rd period - Snap shot by Ivan Provorov.
7:49 of 3rd period - Deflect By William Nylander.
7:49 of 3rd period - Stopped by Carter Hart with a rebound.
8:24 of 3rd period - Snap shot by Jakob Silfverberg.
8:24 of 3rd period - Shot Misses the Net.
8:26 of 3rd period - Snap shot by Mason McTavish.
8:26 of 3rd period - Shot Misses the Net.
8:28 of 3rd period - Wrist shot by Ondrej Palat.
8:28 of 3rd period - Stopped by Linus Ullmark with a rebound.
8:30 of 3rd period - Snap shot by Matt Dumba.
8:30 of 3rd period - Shot Misses the Net.
8:32 of 3rd period - Slapshot by Matt Dumba.
8:32 of 3rd period - Deflect By Mason McTavish.
8:32 of 3rd period - Stopped by Linus Ullmark with a rebound.
8:34 of 3rd period - Snap shot by Mason McTavish.
8:34 of 3rd period - Stopped by Linus Ullmark with a rebound.
8:46 of 3rd period - Snap shot by Mats Zuccarello.
8:46 of 3rd period - Shot Misses the Net.
8:48 of 3rd period - Wrist shot by Charlie Coyle.
8:48 of 3rd period - Shot Blocked by Esa Lindell.
8:52 of 3rd period - Slapshot by Claude Giroux.
8:52 of 3rd period - Shot Blocked by Esa Lindell.
9:08 of 3rd period - Slapshot by Mark Scheifele.
9:08 of 3rd period - Stopped by Carter Hart without a rebound.
9:09 of 3rd period - John Tavares wins face-off versus Charlie Coyle in Arizona Coyotes zone.
9:18 of 3rd period - Snap shot by John Tavares.
9:18 of 3rd period - Stopped by Carter Hart without a rebound.
9:19 of 3rd period - John Tavares wins face-off versus Mats Zuccarello in Arizona Coyotes zone.
9:26 of 3rd period - Slapshot by John Tavares.
9:26 of 3rd period - Shot Misses the Net.
9:36 of 3rd period - Slapshot by John Tavares.
9:36 of 3rd period - Shot Blocked by Brayden McNabb.
9:43 of 3rd period - Icing by Josh Manson.
9:44 of 3rd period - Tyler Seguin wins face-off versus John Tavares in Anaheim Ducks zone.
9:55 of 3rd period - Tyler Seguin is hit by Josh Manson and loses puck.
10:10 of 3rd period - Brenden Dillon is hit by Dmitry Orlov.
10:18 of 3rd period - Backhand shot by Ondrej Palat.
10:18 of 3rd period - Stopped by Linus Ullmark with a rebound.
10:20 of 3rd period - Wrist shot by Mason McTavish.
10:20 of 3rd period - Deflect By Ondrej Palat.
10:20 of 3rd period - Goal by Ondrej Palat - Anaheim Ducks : 2 - Arizona Coyotes : 3.
10:21 of 3rd period - Charlie Coyle wins face-off versus John Tavares in neutral zone.
11:16 of 3rd period - J.T. Compher is hit by Brayden McNabb.
11:32 of 3rd period - 10 Minutes Misconduct Penalty to T.J. Oshie is over.
12:08 of 3rd period - Wrist shot by Alex Killorn.
12:08 of 3rd period - Stopped by Carter Hart with a rebound.
12:10 of 3rd period - Snap shot by Alex Killorn.
12:10 of 3rd period - Deflect By Max Domi.
12:10 of 3rd period - Stopped by Carter Hart without a rebound.
12:11 of 3rd period - Chandler Stephenson wins face-off versus Charlie Coyle in Arizona Coyotes zone.
12:12 of 3rd period - Slapshot by Alex Killorn.
12:12 of 3rd period - Shot Blocked by Dmitry Orlov.
12:14 of 3rd period - Snap shot by Max Domi.
12:14 of 3rd period - Shot Misses the Net.
12:16 of 3rd period - Wrist shot by Morgan Rielly.
12:16 of 3rd period - Shot Blocked by Jared Spurgeon.
12:27 of 3rd period - Minor Penalty to Charlie Coyle for Hooking.
12:28 of 3rd period - John Tavares wins face-off versus Ondrej Palat in Arizona Coyotes zone.
12:59 of 3rd period - Snap shot by John Tavares.
12:59 of 3rd period - Shot Blocked by Dmitry Orlov.
14:02 of 3rd period - Off-side.
14:03 of 3rd period - Chandler Stephenson wins face-off versus Claude Giroux in neutral zone.
14:14 of 3rd period - Snap shot by Chandler Stephenson.
14:14 of 3rd period - Stopped by Carter Hart with a rebound.
14:16 of 3rd period - Snap shot by Alex Killorn.
14:16 of 3rd period - Stopped by Carter Hart without a rebound.
14:17 of 3rd period - Chandler Stephenson wins face-off versus Ondrej Palat in Arizona Coyotes zone.
14:27 of 3rd period - Penalty to Charlie Coyle is over, Charlie Coyle is back on ice.
14:52 of 3rd period - Snap shot by Tyler Seguin.
14:52 of 3rd period - Stopped by Linus Ullmark with a rebound.
14:54 of 3rd period - Wrist shot by T.J. Oshie.
14:54 of 3rd period - Stopped by Linus Ullmark with a rebound.
14:56 of 3rd period - Slapshot by Matt Dumba.
14:56 of 3rd period - Deflect By Tyler Seguin.
14:56 of 3rd period - Shot Misses the Net.
14:56 of 3rd period - Puck is out of play.
14:57 of 3rd period - J.T. Compher wins face-off versus Charlie Coyle in Anaheim Ducks zone.
14:57 of 3rd period - J.T. Compher is hit by Charlie Coyle.
15:11 of 3rd period - Charlie Coyle is hit by Morgan Rielly and loses puck.
15:35 of 3rd period - Wrist shot by Charlie Coyle.
15:35 of 3rd period - Stopped by Linus Ullmark without a rebound.
15:36 of 3rd period - J.T. Compher wins face-off versus Mason McTavish in Anaheim Ducks zone.
15:45 of 3rd period - Dmitry Orlov is hit by Josh Manson and loses puck.
16:02 of 3rd period - Slapshot by T.J. Oshie.
16:02 of 3rd period - Shot Blocked by Calle Jarnkrok.
16:04 of 3rd period - Snap shot by Erik Haula.
16:04 of 3rd period - Shot Blocked by Calle Jarnkrok.
16:06 of 3rd period - Wrist shot by Erik Haula.
16:06 of 3rd period - Shot Blocked by Teuvo Teravainen.
16:08 of 3rd period - Wrist shot by Tyler Seguin.
16:08 of 3rd period - Shot Misses the Net.
16:10 of 3rd period - Snap shot by T.J. Oshie.
16:10 of 3rd period - Shot Blocked by Brenden Dillon.
16:12 of 3rd period - Slapshot by Jani Hakanpaa.
16:12 of 3rd period - Shot Blocked by Brenden Dillon.
16:42 of 3rd period - Snap shot by Chandler Stephenson.
16:42 of 3rd period - Stopped by Carter Hart without a rebound.
16:43 of 3rd period - Tyler Seguin wins face-off versus Chandler Stephenson in Arizona Coyotes zone.
18:03 of 3rd period - Backhand shot by Max Domi.
18:03 of 3rd period - Shot Blocked by Mats Zuccarello.
18:05 of 3rd period - Slapshot by Esa Lindell.
18:05 of 3rd period - Deflect By Mats Zuccarello.
18:05 of 3rd period - Stopped by Carter Hart without a rebound.
18:06 of 3rd period - J.T. Compher wins face-off versus Mason McTavish in Arizona Coyotes zone.
18:19 of 3rd period - Wrist shot by Mason McTavish.
18:19 of 3rd period - Shot Blocked by Joshua Morrissey.
18:21 of 3rd period - Slapshot by Mason McTavish.
18:21 of 3rd period - Stopped by Linus Ullmark with a rebound.
18:31 of 3rd period - T.J. Oshie is hit by William Nylander and loses puck.
18:34 of 3rd period - Anaheim Ducks, Linus Ullmark is pulled from the net.
18:52 of 3rd period - Slapshot by Brenden Dillon.
18:52 of 3rd period - Shot Misses the Net.
18:54 of 3rd period - Slapshot by Brenden Dillon.
18:54 of 3rd period - Stopped by Carter Hart with a rebound.
19:00 of 3rd period - Backhand shot by Mark Scheifele.
19:00 of 3rd period - Shot Blocked by Jared Spurgeon.
19:12 of 3rd period - Snap shot by William Nylander.
19:12 of 3rd period - Shot Misses the Net.
19:14 of 3rd period - Slapshot by Mark Scheifele.
19:14 of 3rd period - Stopped by Carter Hart without a rebound.
19:15 of 3rd period - Rick Tocchet call a timeout for Anaheim Ducks.
19:15 of 3rd period - Charlie Coyle wins face-off versus John Tavares in Arizona Coyotes zone.
19:15 of 3rd period - Charlie Coyle is hit by John Tavares.
19:29 of 3rd period - Slapshot by Claude Giroux.
19:29 of 3rd period - Shot Misses the Net.
19:31 of 3rd period - Wrist shot by Jared Spurgeon.
19:31 of 3rd period - Goal by Jared Spurgeon - Anaheim Ducks : 2 - Arizona Coyotes : 4.
19:31 of 3rd period - Linus Ullmark from Anaheim Ducks was sent back in the game.
19:32 of 3rd period - Charlie Coyle wins face-off versus J.T. Compher in neutral zone.
19:47 of 3rd period - Snap shot by Charlie Coyle.
19:47 of 3rd period - Stopped by Linus Ullmark with a rebound.
19:57 of 3rd period - Charlie Coyle is hit by Ivan Provorov and loses puck.
Goals for this period are 0 for Anaheim Ducks vs 2 for Arizona Coyotes.
Shots for this period are 16 for Anaheim Ducks vs 15 for Arizona Coyotes.
Back to the Top